 Dungeon Crawl Stone Soup version 0.30-a0-354-g6b83867211 (webtiles) character file.

Game seed: 5341161514924257378

1 Maxmaps the Ducker (level 1, 0/16 HPs)
             Began as a Demonspawn Gladiator on Nov 7, 2022.
             Constricted to death by a ball python (1 damage)
             ... on level 1 of the Dungeon.
             The game lasted 00:00:08 (77 turns).

Maxmaps the Ducker (Demonspawn Gladiator)             Turns: 77, Time: 00:00:09

Health: 0/16       AC:  4    Str: 14    XL:     1   Next: 16%
Magic:  1/1        EV:  9    Int:  9    God:
Gold:   21         SH:  0    Dex: 14    Spells: 0/0 levels left

rFire   . . .      SeeInvis .    a - +0 trident
rCold   . . .      Faith    .    (no shield)
rNeg    . . .      Spirit   .    b - +0 leather armour
rPois   .          Reflect  .    c - +0 helmet
rElec   .          Harm     .    (no cloak)
rCorr   .          Rampage  .    (no gloves)
Will    .....                    (no boots)
Stlth   +.........               (no amulet)
HPRegen 0.22/turn                (no ring)
MPRegen 0.07/turn                (no ring)

@: constricted
A: no striking features
a: no special abilities


You were on level 1 of the Dungeon.
You visited 1 branch of the dungeon, and saw 1 of its levels.

You collected 21 gold pieces.

Inventory:

Hand Weapons
 a - a +0 trident (weapon)
Missiles
 d - 3 throwing nets (quivered)
 e - a javelin
Armour
 b - a +0 leather armour (worn)
 c - a +0 helmet (worn)
Scrolls
 f - a scroll of summoning {unknown}
 g - a scroll of fear {unknown}
Potions
 h - a potion of flight {unknown}


   Skills:
 + Level 2.1 Fighting
 - Level 2.6 Polearms
 - Level 1.7 Throwing
 - Level 2.6 Dodging


You couldn't memorise any spells.
You didn't know any spells.
Your spell library was empty.

Dungeon Overview and Level Annotations

Branches:
Dungeon (1/15)

Altars:


Message History

The ball python bites you. The ball python constricts you.
You barely miss the ball python.
The ball python is moderately wounded.
The ball python closely misses you. The ball python constricts you.
The ball python bites you but does no damage.
The ball python closely misses you. The ball python bites you.
The ball python constricts you.
You closely miss the ball python.
The ball python is moderately wounded.
The ball python bites you. The ball python constricts you.
The ball python bites you but does no damage.
You barely miss the ball python.
The ball python is moderately wounded.
The ball python closely misses you. x2; The ball python constricts you.
The ball python bites you.
The ball python bites you but does no damage.
The ball python barely misses you.
The ball python bites you but does no damage.
The ball python misses you. The ball python constricts you.
You puncture the ball python!
You kill the ball python!
The ball python bites you. The ball python closely misses you.
The ball python misses you. The ball python grabs you.
The ball python constricts you.
The ball python bites you but does no damage.
The ball python misses you.
You are too injured to fight recklessly!
You are too injured to fight recklessly!
You closely miss the ball python. The ball python bites you.
The ball python constricts you. The ball python barely misses you.
The ball python bites you but does no damage. x2
The ball python constricts you.
You hit the ball python.
The ball python is moderately wounded.
The ball python bites you.
* * * LOW HITPOINT WARNING * * *
The ball python closely misses you. The ball python bites you.
* * * LOW HITPOINT WARNING * * *
The ball python constricts you.
You die...

........... #..>.......
#.#..##...SS.
#.#...#####..
#.#.#.........
#....#..###... ## #
##.><##.##..... .##P#
####...........##.P.#
#####.#..#.##.#S@..#.P#
#........#.###.SS....#
#......#.S....^###.P.#
.......# #..### #.##
#..(...###..# ##
#...........####
..).###.......[.#
....###.#.......#
........#.......#


You could see 3 ball pythons.

Vanquished Creatures
  A ball python (D:1)
  A goblin (D:1)
2 creatures vanquished.

Notes
Turn   | Place    | Note
-------+----------+-------------------------------------------
     0 | D:1      | Maxmaps the Demonspawn Gladiator began the quest for the
                  | Orb.
     0 | D:1      | Reached XP level 1. HP: 16/16 MP: 1/1
    77 | D:1      | Constricted to death by a ball python

Illustrated notes

Levels and vault maps discovered:
D:1:      dpeg_arrival_tiny_a, layout_basic,
          shapermc_ecumenical_altar_rom_forum, minmay_shallow_snake_nest

Action                   || total
-------------------------++-------
Melee: Trident           ||    16
Armor: Leather armour    ||    11
Dodge: Dodged            ||    15

Table legend: (Time is in decaauts)
 A = Elapsed time spent in this place.
 B = Non-inter-level travel time spent in this place.
 C = Inter-level travel time spent in this place.
 D = Time resting spent in this place.
 E = Time spent auto-exploring this place.
 F = Levels seen in this place.
 G = Mean time per level.
                   A        B        C        D        E       F      G
               +--------+--------+--------+--------+--------+-----+--------+
         Total |     79 |     79 |      0 |      0 |     49 |   1 |   79.0 |
       Dungeon |     79 |     79 |      0 |      0 |     49 |   1 |   79.0 |
               +--------+--------+--------+--------+--------+-----+--------+

Top non-repeatable levels by time:
     D:1: 79 daAuts
